 Dungeon Crawl Stone Soup version 0.26.1-11-gd32895ea62 (webtiles) character file.

Game seed: 3025769489827409684

1330 Almogavar the Slasher (level 8, -1/74 HPs)
             Began as a Palentonga Berserker on July 19, 2021.
             Was a Priest of Trog.
             Slain by an orc warrior
             ... wielding a +0 trident
              (5 damage)
             ... on level 5 of the Dungeon.
             The game lasted 00:11:36 (5150 turns).

Almogavar the Slasher (Palentonga Berserker)        Turns: 5150, Time: 00:11:37

Health: -1/74      AC: 15    Str: 23    XL:     8   Next: 34%
Magic:  8/8        EV: 10    Int:  7    God:    Trog [***...]
Gold:   340        SH:  0    Dex: 10    Spells: 7/7 levels left

rFire    . . .     SeeInvis +   a - +0 falchion
rCold    . . .     Faith    .   (no shield)
rNeg     . . .     Spirit   .   z - +0 ring mail {Will+}
rPois    .         Reflect  .   (no helmet)
rElec    .         Harm     .   s - +0 cloak
rCorr    .         Rampage  .   o - +0 pair of gloves
Will     +++..                  (no barding)
Stlth    ..........             l - amulet of regeneration
HPRegen  1.62/turn              (no ring)
MPRegen  0.11/turn              (no ring)

@: confused, berserk cooldown, regenerating (expiring), slowed, curled up, very
slow
A: large, rugged brown scales 3, see invisible, deformed body, roll 1, armoured
tail, reflexive curl
a: Rolling Charge, Renounce Religion, Berserk, Trog's Hand


You were on level 5 of the Dungeon.
You worshipped Trog.
Trog was most pleased with you.
You visited 1 branch of the dungeon, and saw 5 of its levels.
You also visited: Sewer.

You collected 340 gold pieces.

Inventory:

Hand Weapons
 a - a +0 falchion (weapon)
Armour
 m - a +0 scale mail
 o - a +0 pair of gloves (worn)
 s - a +0 cloak (worn)
 z - a +0 ring mail of willpower (worn)
Jewellery
 l - an amulet of regeneration (around neck)
Wands
 k - a wand of paralysis (9)
 v - a wand of enslavement (10)
 w - a wand of random effects (24)
Scrolls
 c - a scroll of magic mapping
 e - 5 scrolls of fog
 f - 4 scrolls of remove curse
 j - 6 scrolls of teleportation
 t - 2 scrolls of blinking
 u - 3 scrolls of enchant weapon {unknown}
 x - a scroll of immolation {unknown}
 y - a scroll of fear {unknown}
 A - a scroll of amnesia {unknown}
Potions
 d - 4 potions of magic
 g - 6 potions of lignification {unknown}
 h - 9 potions of curing {unknown}
 i - 3 potions of invisibility {unknown}
 n - a potion of resistance {unknown}
 p - 5 potions of heal wounds {unknown}
 q - 2 potions of might {unknown}
 r - 2 potions of brilliance {unknown}


   Skills:
 + Level 5.9 Fighting
 + Level 7.7 Long Blades
 + Level 2.0 Armour
 + Level 4.4 Dodging


You had 7 spell levels left.
You didn't know any spells.
Your spell library was empty.

Dungeon Overview and Level Annotations

Branches:
Dungeon (5/15)              Sewer (visited)
 Temple: D:4-7

Altars:
Gozag
Kikubaaqudgha
Vehumet
Wu Jian

Shops:
D:4 [*[=


Innate Abilities, Weirdness & Mutations

You are completely covered in rugged brown scales. (AC +3, +7% HP)
You have supernaturally acute eyesight. (SInv)
Armour fits poorly on your strangely shaped body.
You can roll at nearby foes to attack.
You have a long armoured tail.
You curl defensively after being hit.


Message History

You feel the effects of Trog's Hand fading.
The orc wizard gestures at you while chanting.
The puff of frost hits you!
* * * LOW HITPOINT WARNING * * *
The adder bites you.
* * * LOW HITPOINT WARNING * * *
The orc barely misses you.
The orc warrior hits you from afar with a +0 trident.
* * * LOW HITPOINT WARNING * * *
The adder bites you but does no damage.
The orc wizard gestures at you while chanting.
The puff of flame hits you.
* * * LOW HITPOINT WARNING * * *
You are confused.
You feel invigorated. The adder bites you but does no damage.
The orc wizard barely misses you.
The orc hits you from afar with a +0 trident!
* * * LOW HITPOINT WARNING * * *
The orc warrior hits you from afar with a +0 trident.
You die...

##.####.# #...##.#
.....##.# #......#
.#.#.##.# #...####
........# #..<# ....#..##
#...#
.##.#..#######...########
.##.#...................#
.#.......................
##..##.........o@.......#
....##.#.#####.S.####..##
##.##..#.# #.oo# .#
#.##.##.# #.)z# #
##.......# #...#
......#### #>..# #######
..... ...... .......


You could see an orc warrior, a wight, an orc wizard (fast, invisible), an adder
and an orc.

Vanquished Creatures
  Sigmund (D:2)
  An ogre (D:4)
  A centaur (D:3)
  2 big kobolds (Sewer)
  A scorpion (D:4)
  4 wights (D:5)
  2 hounds
  2 orc priests (D:4)
  2 centaur skeletons
  A bullfrog skeleton (D:4)
  Natasha (D:2)
  4 orc wizards
  3 worker ants
  4 river rats (Sewer)
  4 adders
  2 oozes
  An adder skeleton (D:3)
  9 worms
  2 leopard geckos
  5 orcs
  9 bats
  2 giant cockroaches
  5 goblins
  10 hobgoblins
  2 jackals (D:3)
  23 kobolds
  A quokka (D:3)
  11 ball pythons
  4 frilled lizards
  A leopard gecko skeleton (D:4)
  28 rats
148 creatures vanquished.

Vanquished Creatures (others)
  57 plants
57 creatures vanquished.

Grand Total: 205 creatures vanquished

Notes
Turn   | Place    | Note
-------+----------+-------------------------------------------
     0 | D:1      | Almogavar the Palentonga Berserker began the quest for the
                  | Orb.
     0 | D:1      | Reached XP level 1. HP: 20/20 MP: 1/1
   123 | D:1      | Reached XP level 2. HP: 27/27 MP: 2/2
   726 | D:2      | Reached ** piety under Trog
   728 | D:2      | Reached XP level 3. HP: 32/33 MP: 3/3
  1127 | D:2      | Noticed Sigmund
  1143 | D:2      | Killed Sigmund
  1144 | D:2      | Reached skill level 4 in Long Blades
  1144 | D:2      | Reached XP level 4. HP: 42/42 MP: 4/4
  1144 | D:2      | Reached XP level 5. HP: 49/49 MP: 5/5
  1481 | D:2      | Reached skill level 5 in Long Blades
  2055 | D:2      | Found a faded altar of an unknown god.
  2063 | D:2      | Noticed Natasha
  2068 | D:2      | Killed Natasha
  2069 | D:2      | Reached XP level 6. HP: 44/56 MP: 6/6
  2375 | D:3      | Found an ornate altar of the Wu Jian Council.
  2388 | D:3      | Found an opulent altar of Gozag.
  2434 | D:3      | Found a glowing drain.
  2458 | Sewer    | Entered a sewer
  2516 | Sewer    | Reached *** piety under Trog
  2909 | Sewer    | Reached skill level 6 in Long Blades
  2909 | Sewer    | Gained mutation: You curl defensively after being hit.
                  | [Palentonga growth]
  2909 | Sewer    | Reached XP level 7. HP: 64/64 MP: 7/7
  3209 | D:3      | Reached **** piety under Trog
  3291 | D:3      | Found a radiant altar of Vehumet.
  3293 | D:3      | Found an ancient bone altar of Kikubaaqudgha.
  3301 | D:3      | Reached skill level 5 in Fighting
  3732 | D:4      | Found Isec's Antique Armour Boutique.
  4056 | D:4      | Found Nausirghi's Armour Boutique.
  4510 | D:4      | Reached skill level 7 in Long Blades
  4530 | D:4      | Found Kafa Set's Assorted Antiques.
  4571 | D:4      | Reached XP level 8. HP: 73/73 MP: 8/8
  4745 | D:4      | Found Onligg's Jewellery Emporium.
  4872 | D:5      | Entered Level 5 of the Dungeon
  5150 | D:5      | Slain by an orc warrior

Illustrated notes

Levels and vault maps discovered:
D:1:      minmay_arrival_open_corners, layout_basic, minmay_misc_feat_hallway
D:2:      wad_woods_pond, layout_basic, chequers_ecumenical_altar_simple,
          chequers_garden, uniq_sigmund, uniq_natasha
D:3:      layout_basic, lemuel_crystal_altar, lemuel_crystal_altar,
          grunt_temple_overflow_open, cheibrodos_sewer_entry_bend
D:4:      layout_loops_ring, serial_forest, infiniplex_forest_diagonal,
          infiniplex_forest_clump_medium, infiniplex_forest_corner_1,
          infiniplex_forest_end_2, infiniplex_forest_end_2, serial_shops,
          nicolae_shop_temple_entry_statues_fountains, shop_coins,
          kennysheep_little_box, shop
D:5:      layout_loops_cross

Skill      XL: |  1  2  3  4  5  6  7  8 |
---------------+-------------------------+-----
Dodging        | 2 3 4 |  4.4
Fighting       | 4 5 |  5.9
Long Blades    | 4 5 6 7 |  7.7
Armour         | 2 |  2.0

Action                   |  1- 3 |  4- 6 |  7- 9 || total
-------------------------+-------+-------+-------++-------
Melee: Falchion          |    87 |   176 |   156 ||   419
       Tailslap          |    12 |    19 |    28 ||    59
Invok: Berserk           |     2 |     2 |     1 ||     5
       Trog's Hand       |     1 |     1 |     1 ||     3
 Abil: Rolling Charge    |    20 |    25 |    24 ||    69
  Use: Scroll            |     3 |     3 |     1 ||     7
       Potion            |       |       |     1 ||     1
Armor: Animal skin       |     9 |    66 |    30 ||   105
       Ring mail         |       |       |    31 ||    31
Dodge: Dodged            |    31 |   115 |    77 ||   223
       Rpst.: Falchion   |     6 |    42 |    20 ||    68
